 Dungeon Crawl Stone Soup version 0.27.1-1-g398f81649c (webtiles) character file.

Game seed: 3357503900602627655

387 Gwenloh the Chopper (level 6, -10/47 HPs)
             Began as a Palentonga Warper on Sept 8, 2021.
             Mangled by Eustachio (17 damage)
             ... on level 5 of the Dungeon.
             The game lasted 00:10:59 (5093 turns).

Gwenloh the Chopper (Palentonga Warper)             Turns: 5093, Time: 00:10:59

Health: -10/47     AC:  8    Str: 14    XL:     6   Next: 49%
Magic:  9/9        EV:  9    Int: 14    God:
Gold:   160        SH:  0    Dex: 11    Spells: 7/9 levels left

rFire    + . .     SeeInvis +   a - +0 hand axe
rCold    . . .     Faith    .   (no shield)
rNeg     + . .     Spirit   .   E - +4 robe "Yjibal" {rF+ rC- Slay+2 SInv}
rPois    .         Reflect  .   (no helmet)
rElec    .         Harm     .   (no cloak)
rCorr    .         Rampage  .   (no gloves)
Will     .....                  (no barding)
Stlth    +.........             (no amulet)
HPRegen  0.15/turn              l - ring of protection from cold
MPRegen  0.11/turn              n - ring of positive energy

@: no status effects
A: large, rugged brown scales 3, see invisible, deformed body, roll 1, armoured
tail
a: Rolling Charge


You were on level 5 of the Dungeon.
You visited 1 branch of the dungeon, and saw 5 of its levels.

You collected 160 gold pieces.

Inventory:

Hand Weapons
 a - a +0 hand axe (weapon)
 b - a +0 hunting sling
Missiles
 d - 4 boomerangs of dispersal
 h - 88 stones
 k - 14 sling bullets
 y - 4 boomerangs
 A - 20 bolts
 F - 23 poisoned darts (quivered)
Armour
 p - a +0 leather armour
 x - a +0 ring mail
 D - a +0 scale mail
 E - the +4 robe "Yjibal" (worn) {rF+ rC- Slay+2 SInv}
   (You found it on level 4 of the Dungeon)

   Slay:      It affects your accuracy & damage with ranged weapons and melee
   (+2).
   rF:        It protects you from fire.
   rC:        It makes you vulnerable to cold.
   SInv:      It lets you see invisible.
Jewellery
 l - a ring of protection from cold (left hand)
 n - a ring of positive energy (right hand)
 s - a ring of magical power
Wands
 z - a wand of flame (22)
Scrolls
 i - a scroll of summoning
 m - 2 scrolls of enchant weapon
 q - 4 scrolls of magic mapping
 r - 3 scrolls of teleportation
 v - a scroll of fog
 C - a scroll of enchant armour {unknown}
Potions
 e - a potion of degeneration {unknown}
 j - 3 potions of invisibility {unknown}
 o - 2 potions of curing {unknown}
 t - a potion of might {unknown}
 u - a potion of heal wounds {unknown}
 w - a potion of berserk rage {unknown}
 B - a potion of ambrosia {unknown}


   Skills:
 - Level 2.0 Fighting
 + Level 7.0 Axes
 - Level 0.6 Throwing
 - Level 0.7 Armour
 - Level 1.5 Dodging
 - Level 2.0 Spellcasting
 - Level 3.0 Translocations


You had 7 spell levels left.
You knew the following spells:

 Your Spells              Type           Power      Damage    Failure   Level
a - Blink                 Tloc           N/A        N/A       11%         2

Your spell library contained the following spells:

 Spells                   Type           Power      Damage    Failure   Level
 Gell's Gravitas          Tloc           4%         N/A       21%         3
 Lesser Beckoning         Tloc           4%         N/A       21%         3
 Teleport Other           Tloc           9%         N/A       21%         3
 Manifold Assault         Tloc           9%         N/A       88%         5


Dungeon Overview and Level Annotations

Branches:
Dungeon (5/15)
 Temple: D:4-7

Altars:
Dithmenos
The Shining One

Annotations:
D:5 Eustachio


Innate Abilities, Weirdness & Mutations

You are completely covered in rugged brown scales. (AC +3, +7% HP)
You have supernaturally acute eyesight. (SInv)
Armour fits poorly on your strangely shaped body.
You can roll at nearby foes to attack.
You have a long armoured tail.


Message History

You hit Eustachio.
Eustachio is almost dead.
The bat hits you. The bat barely misses you.
Eustachio hits you with a +0 falchion of distortion.
* * * LOW HITPOINT WARNING * * *
Space bends around you.
* * * LOW HITPOINT WARNING * * *
Okay, then.
Blink to where?
Press: ? - help, Dir - move target, p - Eustachio
As you read the scroll of blinking, it crumbles to dust.
Eustachio says, "Summoning is fun!"
The bat barely misses you. The bat hits you but does no damage.
You see here an adder corpse.
The bat hits you but does no damage. x2
Eustachio utters an oath, "I will die for my friends!"
The bat closely misses you. The bat closely misses you.
The bat hits you but does no damage. The bat completely misses you.
Eustachio mumbles some strange words.
Eustachio blinks!
The bat barely misses you.
There is a stone staircase leading down here.
The bat hits you but does no damage. Eustachio closely misses you.
The bat barely misses you.
You climb downwards.
The bat disappears in a puff of smoke!
There is a stone staircase leading up here.
You miss Eustachio.
Eustachio is almost dead.
Eustachio closely misses you.
You completely miss Eustachio.
Eustachio is almost dead.
Eustachio barely misses you.
You closely miss Eustachio.
Your tail-slap misses Eustachio.
Eustachio is almost dead.
Eustachio hits you with a +0 falchion of distortion.
* * * LOW HITPOINT WARNING * * *
Space warps horribly around you!
You die...

########..
#@@.......
#.........
#.........
##+#####.#
#


You could see Eustachio.

Vanquished Creatures
  A scorpion (D:4)
  A wyvern skeleton (D:4)
  An orc priest (D:4)
  An iguana (D:4)
  3 orc wizards (D:4)
  6 adders
  An adder skeleton (D:4)
  6 orcs
  6 ball pythons
  8 bats
  6 endoplasms
  A giant cockroach (D:1)
  10 goblins
  6 hobgoblins
  6 kobolds
  2 quokkas
  6 rats
71 creatures vanquished.

Vanquished Creatures (others)
  An orc wizard (D:4)
  2 plants (D:4)
3 creatures vanquished.

Grand Total: 74 creatures vanquished

Notes
Turn   | Place    | Note
-------+----------+-------------------------------------------
     0 | D:1      | Gwenloh the Palentonga Warper began the quest for the Orb.
     0 | D:1      | Reached XP level 1. HP: 17/17 MP: 3/3
   377 | D:1      | Reached XP level 2. HP: 23/23 MP: 5/5
   588 | D:1      | Reached skill level 3 in Axes
   937 | D:1      | Found a faded altar of an unknown god.
  1297 | D:2      | Reached XP level 3. HP: 20/28 MP: 6/6
  1447 | D:2      | Learned a level 2 spell: Blink
  1947 | D:2      | Reached skill level 4 in Axes
  2480 | D:3      | Reached XP level 4. HP: 30/35 MP: 7/7
  3784 | D:4      | Found a glowing golden altar of the Shining One.
  3786 | D:4      | Found a shadowy altar of Dithmenos.
  3923 | D:4      | Reached skill level 5 in Axes
  4089 | D:4      | Identified the +4 robe "Yjibal" {rF+ rC- Slay+2 SInv}
  4139 | D:4      | Reached XP level 5. HP: 40/40 MP: 8/8
  4158 | D:4      | Reached skill level 6 in Axes
  4177 | D:4      | Reached XP level 6. HP: 4/47 MP: 9/9
  4879 | D:4      | Reached skill level 7 in Axes
  4969 | D:4      | Noticed Eustachio
  4994 | D:5      | Entered Level 5 of the Dungeon
  5093 | D:5      | Mangled by Eustachio

Illustrated notes

Levels and vault maps discovered:
D:1:      amcnicky_arrival_underground_garden, layout_basic,
          hellmonk_ecumenical_altar_inner_sanctum, minmay_pentomino_t2
D:2:      layout_basic
D:3:      minmay_chambers_of_twos, layout_basic
D:4:      cheibrodos_old_hovel, layout_basic,
          mainiacjoe_overflow_catwalk_spiral, abandoned_shop,
          due_unseen_surprise, uniq_eustachio
D:5:      layout_gridville, mainiacjoe_overflow_alcove_2,
          lemuel_coloured_pillars_altar, uniq_crazy_yiuf_cottage, uniq_grinder,
          uniq_pikel

Skill      XL: |  1  2  3  4  5  6 |
---------------+-------------------+-----
Axes           | 3 4 5 6 7 |  7.0
Fighting       | |  2.0
Throwing       | |  0.6
Armour         | |  0.7
Dodging        | |  1.5
Spellcasting   | |  2.0
Translocations | |  3.0

Action                   |  1- 3 |  4- 6 || total
-------------------------+-------+-------++-------
Melee: Hand axe          |    74 |    81 ||   155
       Tailslap          |     7 |    10 ||    17
 Fire: Hunting sling     |    74 |    87 ||   161
Throw: Boomerang         |     1 |       ||     1
       Stone             |     9 |       ||     9
       Dart              |       |     1 ||     1
 Abil: Rolling Charge    |     5 |     3 ||     8
  Use: Scroll            |       |     7 ||     7
Armor: Leather armour    |    42 |    15 ||    57
       Robe              |       |    27 ||    27
Dodge: Dodged            |    54 |    49 ||   103
